 Dungeon Crawl Stone Soup version 0.25-a0-705-ge9988fc0fb (webtiles) character file.

Game seed: 14296560634828986499, levelgen mode: deterministic

116 Maedhros the Charlatan (level 5, 0/33 HPs)
             Began as an Octopode Artificer on Apr 4, 2020.
             Killed by nerve-wracking pain
             ... invoked by an orc priest
              (7 damage)
             ... on level 4 of the Dungeon.
             The game lasted 00:02:40 (1775 turns).

Maedhros the Charlatan (Octopode Artificer)         Turns: 1775, Time: 00:02:41

Health: 0/33       AC:  1    Str: 11    XL:     5   Next: 0%
Magic:  8/8        EV: 13    Int: 14    God:
Gold:   119        SH:  0    Dex: 13    Spells: 4/4 levels left

rFire    . . .     SeeInvis .   a - +0 short sword
rCold    . . .     Gourm    .   (no shield)
rNeg     . . .     Faith    .   (helmet restricted)
rPois    .         Spirit   .   (no amulet)
rElec    .         Reflect  .   (no ring)
rCorr    .         Harm     .   (no ring)
MR       .....                  (no ring)
Stlth    ++++......             (no ring)
HPRegen  0.11/turn              (no ring)
MPRegen  0.11/turn              (no ring)
                                (no ring)
                                (no ring)

@: no status effects
A: almost no armour, stealthy swim, amphibious, 8 rings, constrict 8, camouflage
1, gelatinous body 1
a: no special abilities


You were on level 4 of the Dungeon.
You were near starving.

You visited 1 branch of the dungeon, and saw 4 of its levels.

You collected 119 gold pieces.

Inventory:

Hand Weapons
 a - a +0 short sword (weapon)
Armour
 q - the +0 pair of fencer's gloves {Riposte Dex+3}
   (You found it on level 4 of the Dungeon)

   It affects your dexterity (+3).
Wands
 b - a wand of flame (7)
 c - a wand of enslavement (12)
 d - a wand of random effects (14)
Scrolls
 e - 2 scrolls of magic mapping {unknown}
 g - 6 scrolls of identify {unknown}
 j - a scroll of blinking {unknown}
 k - a scroll of immolation {unknown}
 l - a scroll of teleportation {unknown}
 n - a scroll of remove curse {unknown}
Potions
 h - a potion of mutation {unknown}
 i - a potion of brilliance {unknown}
 m - a potion of cancellation {unknown}
 p - 2 potions of curing {unknown}
Comestibles
 f - 5 rations


   Skills:
 - Level 1.0 Fighting
 - Level 1.0 Short Blades
 - Level 2.0 Dodging
 + Level 4.7 Stealth
 + Level 4.8 Evocations


You had 4 spell levels left.
You didn't know any spells.
Your spell library was empty.

Dungeon Overview and Level Annotations

Branches:
Dungeon (4/15)
 Temple: D:4-7

Altars:


Innate Abilities, Weirdness & Mutations

You cannot wear most types of armour.
You are very stealthy in the water. (Stealth+)
You are amphibious.
You can wear up to eight rings at the same time.
You can use your tentacles to constrict eight enemies at once.
Your skin changes colour to match your surroundings (Stealth+).
Your rubbery body absorbs attacks. (AC +1, EV +1)


Message History

Press: ? - help, Shift-Dir - straight line, f - orc priest
Aim: an orc priest, wielding a +0 flail The orc priest seems to speed up.
Evoke which item? (* to show all) (? for menu, Esc to quit)
Aiming: Enslavement
Press: ? - help, Shift-Dir - straight line, f/p - orc priest
Aim: an orc priest, wielding a +0 flail (fast, chance to defeat MR: 61%)
The orc wizard resists with significant effort.
Evoke which item? (* to show all) (? for menu, Esc to quit)
Aiming: Enslavement
Press: ? - help, Shift-Dir - straight line, f/p - orc priest
Aim: an orc priest, wielding a +0 flail (fast, chance to defeat MR: 61%)
The orc priest resists with significant effort.
The orc priest calls down the wrath of Beogh upon you.
Beogh smites you!
The orc wizard hits you with a +0 dagger.
* * * LOW HITPOINT WARNING * * *
The orc priest calls down the wrath of Beogh upon you.
Pain shoots through your body!
You die...

#####.......# #....
#.......# #...>
#.......#
#....###########.......#
#.........#.......+#....
#..................#....
...................#....
......oo.#....#....#....
#.@...........#####
#.....##..........#
#.....##..........#
#...%........######
#...#....#.........
#............[.....
#..................
#....#.............
####.......######..


You could see an orc priest and an orc wizard.

Vanquished Creatures
  A hound (D:4)
  A worker ant (D:4)
  An adder (D:4)
  An ooze (D:1)
  A worm (D:2)
  2 leopard geckos
  An orc (D:4)
  A ball python (D:1)
  5 bats
  3 giant cockroaches (D:1)
  4 goblins
  8 hobgoblins
  5 kobolds (D:1)
  2 frilled lizards (D:1)
  5 rats (D:1)
41 creatures vanquished.

Vanquished Creatures (collateral kills)
  A bat (D:1)
  A frilled lizard (D:1)
2 creatures vanquished.

Grand Total: 43 creatures vanquished

Notes
Turn   | Place    | Note
-------+----------+-------------------------------------------
     0 | D:1      | Maedhros the Octopode Artificer began the quest for the
                  | Orb.
     0 | D:1      | Reached XP level 1. HP: 13/13 MP: 3/3
    35 | D:1      | Reached XP level 2. HP: 18/18 MP: 4/4
   229 | D:1      | Reached XP level 3. HP: 4/23 MP: 5/5
  1077 | D:4      | Reached XP level 4. HP: 16/28 MP: 7/7
  1216 | D:4      | Found the +0 pair of fencer's gloves {Riposte Dex+3}
  1772 | D:4      | Reached XP level 5. HP: 20/33 MP: 8/8
  1775 | D:4      | Killed from afar by an orc priest

Levels and vault maps discovered:
D:1:      minmay_arrival_open_corners, layout_rooms
D:2:      layout_loops_ring
D:3:      layout_loops_ring, uniq_jessica
D:4:      layout_gridville, minmay_temple_entry_trees, skrybe_limestone_x

Skill      XL: |  1  2  3 |
---------------+----------+-----
Stealth        | 2 3 4 |  4.7
Evocations     | 4 |  4.8
Fighting       | |  1.0
Short Blades   | |  1.0
Dodging        | |  2.0

Action                   |  1- 3 |  4- 6 || total
-------------------------+-------+-------++-------
Melee: Short sword       |    82 |    12 ||    94
       Constrict         |    22 |     1 ||    23
       Tentacles         |    15 |     1 ||    16
Evoke: Wand              |     7 |     5 ||    12
 Stab: Sleeping          |       |     1 ||     1
  Eat: Chunk             |       |     1 ||     1
Armor: Skin              |    15 |       ||    15
Dodge: Dodged            |    59 |     6 ||    65

Table legend:
 A = Non-vault XP
 B = Vault XP
 C = Vault XP percentage of total XP
 D = Non-vault monster count
 E = Vault monster count
 F = Vault count percentage of total count
                 A         B        C        D         E       F
            +---------+---------+-------+---------+---------+-------
      Total |     166 |       0 |   0.0 |      43 |       0 |   0.0
            +---------+---------+-------+---------+---------+-------
        D:1 |      61 |       0 |   0.0 |      34 |       0 |   0.0
        D:2 |      10 |       0 |   0.0 |       4 |       0 |   0.0
        D:4 |      95 |       0 |   0.0 |       5 |       0 |   0.0
            +---------+---------+-------+---------+---------+-------
